 Dungeon Crawl Stone Soup version 0.30.0 (webtiles) character file.

Game seed: 2483600588519461748

37 LeafLetters the Chopper (level 3, -16/31 HPs)
             Began as a Meteoran Chaos Knight on Dec 22, 2023.
             Was a Plaything of Xom.
             Demolished by a swamp dragon (glowing shapeshifter) (25 damage)
             ... on level 3 of the Dungeon.
             The game lasted 00:02:49 (736 turns).

LeafLetters the Chopper (Meteoran Chaos Knight)      Turns: 736, Time: 00:02:51

Health: -16/31     AC:  7    Str: 15    XL:     3   Next: 88%
Magic:  4/4        EV: 11    Int: 14    God:    Xom [..*...]
Gold:   8          SH:  0    Dex: 13    Spells: 2/2 levels left

rFire   . . .        a - +0 hand axe (chaos)
rCold   + . .        (no shield)
rNeg    . . .        b - +2 leather armour
rPois   .            (no helmet)
rElec   .            j - +1 cloak
rCorr   .            (no gloves)
SInv    .            (no boots)
Will    .....        (no amulet)
Stlth   +            g - ring of protection from cold
HPRegen 0.25/turn    (no ring)
MPRegen 0.09/turn

%: no passive effects
@: mighty, glowing
A: sense surroundings 1, otherworldly, glowing, explore regen, MP-powered wands
a: Renounce Religion


You were on level 3 of the Dungeon.
You worshipped Xom.
You were a toy of Xom.
You visited 1 branch of the dungeon, and saw 3 of its levels.

You collected 36 gold pieces.
You spent 28 gold pieces at shops.

Inventory:

Hand Weapons
 a - a +0 hand axe of chaos (weapon)
Armour
 b - a +2 leather armour (worn)
 j - a +1 cloak (worn)
Jewellery
 g - a ring of protection from cold (left hand)
 i - an amulet of faith
Scrolls
 e - 2 scrolls of vulnerability
 h - a scroll of magic mapping {unknown}
Miscellaneous
 c - a piece from Xom's chessboard (14/15) (quivered)


   Skills:
 - Level 3.2 Fighting
 + Level 5.3 Axes
 - Level 2.4 Armour
 - Level 1.2 Dodging


You had 2 spell levels left.
You didn't know any spells.
Your spell library contained the following spells:

 Spells                   Type           Power      Damage    Failure   Level
 Anguish                  Hex/Necr       0%         N/A       98%         4
 Enfeeble                 Hex            0%         N/A       100%        7


Dungeon Overview and Level Annotations

Branches:
Dungeon (3/15) Zot: 1059

Altars:

Shops:
D:1 ?*


Innate Abilities, Weirdness & Mutations

You passively map a small area around you.
You are easily found by Zot.
You glow in the dark.
You regain HP and MP as you explore.
You expend magic power (3 MP) to strengthen your wands.


Message History

The shining eye resists with almost no effort.
The shining eye changes into a mana viper!
Unknown command.
You slash the mana viper!
The mana viper suddenly seems more agile.
The mana viper is moderately wounded.
The mana viper changes into a cyclops!
You slash the cyclops! You burn the cyclops.
The cyclops is moderately wounded.
The cyclops changes into an eye of devastation!
You slash the eye of devastation! You burn the eye of devastation.
The eye of devastation is moderately wounded.
The eye of devastation changes into an orb spider!
You hit the orb spider.
The orb spider is lightly wounded.
The orb spider spins a strand of pure energy.
You hit the orb spider. You drain the orb spider.
The orb spider is moderately wounded.
You barely miss the orb spider.
The orb spider is moderately wounded.
The orb spider changes into a swamp dragon!
You hit the swamp dragon.
The swamp dragon is lightly wounded.
The swamp dragon bites you but does no damage.
The swamp dragon barely misses you. The swamp dragon tramples you!
You stumble backwards!
You hit the swamp dragon.
The swamp dragon is lightly wounded.
The swamp dragon bites you! The swamp dragon claws you.
The swamp dragon tramples you.
* * * LOW HITPOINT WARNING * * *
You stumble backwards!
You are too injured to fight recklessly!
You slash the swamp dragon!
The swamp dragon seems to grow stronger.
The swamp dragon is moderately wounded.
The swamp dragon bites you!!
Ouch! That really hurt!
You die...
Xom chortles!

, *
#........ ,
#.......#
#.......#* *
* #.......#
, #.......#
** *
#.......# ,
+.......# ,
, ,
#....D..# *
#...@.†.# ,
, ,
#.......#* ,
, #######.#*
* , #.# , ,
*#########)#
* ,
#.........#
,,
#.#########
* * #.# #.#


You could see a swamp dragon shaped shifter (strong).

Vanquished Creatures
  2 adders (D:2)
  A worm (D:2)
  2 ball pythons (D:1)
  2 bats (D:2)
  3 goblins
  A jackal (D:3)
  2 frilled lizards (D:1)
  A kobold (D:1)
  4 rats
18 creatures vanquished.

Notes
Turn   | Place    | Note
-------+----------+-------------------------------------------
     0 | D:1      | LeafLetters the Meteoran Chaos Knight began the quest for
                  | the Orb.
     0 | D:1      | Reached XP level 1. HP: 19/19 MP: 2/2
    60 | D:1      | Found Fepezudd's Assorted Antiques.
   128 | D:1      | Reached skill level 4 in Axes
   148 | D:1      | Reached XP level 2. HP: 26/26 MP: 3/3
   155 | D:1      | You fall into a shaft and drop 1 floor!
   217 | D:2      | XOM: silly message
   268 | D:2      | XOM: silly message
   295 | D:2      | Reached XP level 3. HP: 31/31 MP: 4/4
   502 | D:2      | Reached skill level 5 in Axes
   523 | D:2      | XOM: silly message
   610 | D:1      | Found Koseom Lose's Magic Scroll Boutique.
   616 | D:1      | Bought a scroll of identify for 28 gold pieces
   720 | D:3      | a jackal changed into a glowing shapeshifter
   720 | D:3      | Noticed a glowing shapeshifter (glowing shapeshifter)
   720 | D:3      | a glowing shapeshifter changed into a manticore
   720 | D:3      | Noticed a manticore (glowing shapeshifter)
   721 | D:3      | a manticore changed into a swamp worm
   721 | D:3      | Noticed a swamp worm (glowing shapeshifter)
   722 | D:3      | a swamp worm changed into a shining eye
   722 | D:3      | Noticed a shining eye (glowing shapeshifter)
   723 | D:3      | XOM: potion effect (might)
   724 | D:3      | Gained mutation: You expend magic power (3 MP) to
                  | strengthen your wands. [a shining eye]
   725 | D:3      | a shining eye changed into a mana viper
   725 | D:3      | Noticed a mana viper (glowing shapeshifter)
   726 | D:3      | a mana viper changed into a cyclops
   726 | D:3      | Noticed a cyclops (glowing shapeshifter)
   727 | D:3      | a cyclops changed into an eye of devastation
   727 | D:3      | Noticed an eye of devastation (glowing shapeshifter)
   728 | D:3      | an eye of devastation changed into an orb spider
   728 | D:3      | Noticed an orb spider (glowing shapeshifter)
   733 | D:3      | an orb spider changed into a swamp dragon
   733 | D:3      | Noticed a swamp dragon (glowing shapeshifter)
   736 | D:3      | Demolished by a swamp dragon (glowing shapeshifter)

Illustrated notes

Levels and vault maps discovered:
D:1:      dpeg_arrival_lava_temple_mockup, layout_basic, serial_shops,
          nicolae_shop_tiny_statue_garden, nicolae_shop_stone, shop,
          serial_forest, infiniplex_forest_end_1, infiniplex_forest_pool,
          infiniplex_forest_3_way, infiniplex_forest_straight_4,
          infiniplex_forest_corner_1, infiniplex_forest_end_3,
          serial_park_tiny_2, chequers_serial_rivers_micro_a,
          hangedman_decor_points
D:2:      layout_basic
D:3:      layout_basic, mainiacjoe_overflow_tiny_flanked

Skill      XL: |  1  2  3 |
---------------+----------+-----
Axes           | 4 5 |  5.3
Fighting       | |  3.2
Armour         | |  2.4
Dodging        | |  1.2

Action                     || total
---------------------------++-------
  Melee: Hand axe          ||    56
  Evoke: Piece from Xom's  ||     1
    Use: Scroll            ||     2
 Armour: Leather armour    ||    15
  Dodge: Dodged            ||    29
